 Dungeon Crawl Stone Soup version 0.31-a0-977-gc230f8ef24 (webtiles) character file.

Game seed: 8949658167928618849

333 Dordric the Changeling (level 6, 0/47 HPs)
             Began as a Draconian Shapeshifter on Oct 30, 2023.
             Was a Follower of Nemelex Xobeh.
             Slain by a centaur (2 damage)
             ... on level 5 of the Dungeon.
             The game lasted 00:03:50 (3702 turns).

Dordric the Changeling (Draconian Shapeshifter)     Turns: 3702, Time: 00:03:51

Health: 0/47       AC:  6    Str: 19    XL:     6   Next: 27%
Magic:  6/6        EV: 12    Int: 10    God:    Nemelex Xobeh [*.....]
Gold:   205        SH:  0    Dex: 10    Spells: 5/5 levels left

rFire   . . .        q - +1 short sword (venom)
rCold   . . .        (no shield)
rNeg    . . .        (body armour unavailable)
rPois   .            (helmet currently unavailable)
rElec   .            (cloak currently unavailable)
rCorr   .            (gloves currently unavailable)
SInv    .            (boots currently unavailable)
Will    .....        (no amulet)
Stlth   +            n - ring of wizardry
HPRegen 0.27/turn    (no ring)
MPRegen 0.10/turn

%: wizardry (x1)
@: beast-form
A: beast (slay +3), AC +6, unfitting armour, cold-blooded
a: Begin Untransformation, Renounce Religion, Draw Escape, Draw Destruction,
Draw Summoning


You were on level 5 of the Dungeon.
You worshipped Nemelex Xobeh.
Nemelex Xobeh was aware of your devotion.
You were a hulking beast.
You visited 1 branch of the dungeon, and saw 5 of its levels.

You collected 205 gold pieces.

Inventory:

Hand Weapons
 q - a +1 short sword of venom (weapon)
Armour
 p - a +0 cloak
Jewellery
 n - a ring of wizardry (left hand)
Talismans
 b - a beast talisman
 c - a flux talisman
Wands
 s - a wand of mindburst (11)
Scrolls
 e - 3 scrolls of fog {unknown}
 f - a scroll of poison {unknown}
 h - a scroll of silence {unknown}
 i - 3 scrolls of fear {unknown}
 j - 2 scrolls of noise {unknown}
 k - 2 scrolls of torment {unknown}
 l - 3 scrolls of identify {unknown}
 m - a scroll of enchant weapon {unknown}
 o - a scroll of revelation {unknown}
 t - a scroll of teleportation {unknown}
Potions
 a - a potion of lignification
 d - 4 potions of heal wounds {unknown}
 g - 2 potions of curing {unknown}
 r - a potion of haste {unknown}
 u - a potion of invisibility {unknown}
 v - a potion of attraction {unknown}


   Skills:
 - Level 1.1 Fighting
 - Level 1.7 Dodging
 - Level 3.0 Unarmed Combat
 + Level 6.6 Shapeshifting


You had 5 spell levels left.
You didn't know any spells.
Your spell library contained the following spells:

 Spells                   Type           Power      Damage    Failure   Level
 Magic Dart               Conj           0%         1d3       16%         1
 Summon Small Mammal      Summ           0%         N/A       16%         1
 Call Imp                 Summ           0%         N/A       22%         2
 Call Canine Familiar     Summ           0%         N/A       41%         3
 Mephitic Cloud           Conj/Pois/Air  0%         N/A       41%         3
 Summon Guardian Golem    Hex/Summ       0%         N/A       41%         3
 Volatile Blastmotes      Fire/Tloc      0%         2d10      41%         3
 Summon Ice Beast         Ice/Summ       0%         N/A       80%         4
 Summon Forest            Summ/Tloc      0%         N/A       98%         5
 Malign Gateway           Summ/Tloc      0%         N/A       100%        7
 Spellforged Servitor     Conj/Summ      0%         N/A       100%        7
 Summon Horrible Things   Summ           0%         N/A       100%        8


Dungeon Overview and Level Annotations

Branches:
Dungeon (5/15)
 Temple: D:4-7

Altars:
Dithmenos
Kikubaaqudgha
Nemelex Xobeh
Qazlal
Trog
Yredelemnul

Shops:
D:3 :   D:4 !


Innate Abilities, Weirdness & Mutations

You are a hulking beast.
Your limbs bulge with bestial killing power. (Slay +3)
Your plain brown scales are hard. (AC +6)
You cannot fit into any form of body armour.
You are cold-blooded and may be slowed by cold attacks.


Message History

The arrow freezes you.
* * * LOW HITPOINT WARNING * * *
The centaur shoots an arrow.
The arrow closely misses you.
You feel yourself speed up.
The centaur shoots an arrow.
The arrow misses you.
The centaur shoots an arrow.
The arrow hits you.
* * * LOW HITPOINT WARNING * * *
You feel yourself slow down. The arrow freezes you.
* * * LOW HITPOINT WARNING * * *
You are too injured to fight recklessly!
Unknown command.
The centaur unwields a +0 shortbow of freezing.
The centaur misses you.
The centaur kicks you but does no damage.
The centaur closely misses you.
The centaur kicks you but does no damage.
The centaur hits you but does no damage.
The centaur kicks you but does no damage.
You completely miss the centaur.
You feel yourself speed up. The centaur hits you.
* * * LOW HITPOINT WARNING * * *
The centaur kicks you.
* * * LOW HITPOINT WARNING * * *
The centaur barely misses you. The centaur closely misses you.
You hit the centaur.
The centaur is lightly wounded.
The centaur misses you. The centaur barely misses you.
You hit the centaur.
The centaur is poisoned.
The centaur is moderately wounded.
The centaur hits you.
* * * LOW HITPOINT WARNING * * *
The centaur closely misses you.
The centaur hits you but does no damage.
The centaur kicks you but does no damage.
You hit the centaur.
The centaur is heavily wounded.
The centaur hits you.
You die...
Your body disappears without a glow.

..+ #....#
..##########...#########
...........#............
...........#............
...........#............
...........#.....[c.....
...........+...##########
##.........#...##.......#
.#.........#...ch.......#
.#.........#............#
.#.........#..).........#
.+.........#............#
.#.........#............#
.#.........#............#
##.........#...####'######
###......########.......#
#..†...#......#.......#


You could see a centaur (very poisoned).

Vanquished Creatures
  A bullfrog (D:5)
  3 hounds
  An iguana (D:5)
  An orc wizard (D:4)
  2 hound zombies (D:4)
  2 adders (D:2)
  An adder zombie (D:4)
  2 worms (D:2)
  5 dart slugs
  5 orcs
  7 endoplasms
  2 giant cockroaches (D:1)
  5 goblins
  3 hobgoblins
  11 kobolds
  A ball python (D:1)
  3 bats
  2 frilled lizards
  A quokka zombie (D:4)
  8 rats
66 creatures vanquished.

Notes
Turn   | Place    | Note
-------+----------+-------------------------------------------
     0 | D:1      | Dordric the Draconian Shapeshifter began the quest for the
                  | Orb.
     0 | D:1      | Reached XP level 1. HP: 16/16 MP: 1/1
   227 | D:1      | Reached XP level 2. HP: 11/23 MP: 2/2
   667 | D:2      | Identified the of Xitti
   705 | D:2      | Reached skill level 4 in Shapeshifting
   857 | D:2      | Reached XP level 3. HP: 26/28 MP: 3/3
  1075 | D:2      | You fall into a shaft and drop 2 floors!
  1737 | D:3      | Found a faded altar of an unknown god.
  1876 | D:3      | Reached XP level 4. HP: 35/35 MP: 4/4
  2116 | D:3      | Found a sparkling altar of Nemelex Xobeh.
  2254 | D:3      | Found Ovatteqa's Book Shop.
  2433 | D:3      | Became a worshipper of Nemelex Xobeh the Trickster
  2485 | D:4      | Found Fugrary's Distillery.
  2605 | D:4      | Reached skill level 5 in Shapeshifting
  2840 | D:4      | Reached XP level 5. HP: 34/40 MP: 5/5
  3009 | D:4      | Found an ancient bone altar of Kikubaaqudgha.
  3009 | D:4      | Found a shadowy altar of Dithmenos.
  3057 | D:4      | Found a stormy altar of Qazlal.
  3059 | D:4      | Reached * piety under Nemelex Xobeh
  3064 | D:4      | Found a bloodstained altar of Trog.
  3174 | D:4      | Found a basalt altar of Yredelemnul.
  3569 | D:5      | Entered Level 5 of the Dungeon
  3595 | D:5      | Reached skill level 6 in Shapeshifting
  3645 | D:5      | Reached XP level 6. HP: 47/47 MP: 6/6
  3676 | D:5      | Received a gift from Nemelex Xobeh
  3701 | D:5      | HP: 2/47 [centaur (2)]
  3702 | D:5      | Slain by a centaur

Illustrated notes

Levels and vault maps discovered:
D:1:      nicolae_arrival_memento_mori, layout_basic, minmay_close_crescents
D:2:      layout_loops_ring, minmay_tetromino_s2
D:3:      layout_loops_cross, nemelex_diamond_rough_becter, serial_shops,
          nicolae_shop_tiny_waterfront, shapermc_ecumenical_altar_flowoftime,
          kennysheep_cross_room
D:4:      layout_layer_cave, nicolae_yredelemnul_corpse_copse,
          nicolae_qazlal_eye_of_the_storm, mainiacjoe_overflow_catwalk,
          nicolae_overflow_two_pavilions, nicolae_inconvenience_store
D:5:      layout_gridville, old_standard_altar, serial_shops,
          nicolae_shop_statue_plus, uniq_menkaure

Skill      XL: |  1  2  3  4  5 |
---------------+----------------+-----
Shapeshifting  | 4 5 6 |  6.6
Fighting       | |  1.1
Dodging        | |  1.7
Unarmed Combat | |  3.0

Action                     |  1- 3 |  4- 6 || total
---------------------------+-------+-------++-------
  Melee: Unarmed           |   109 |    21 ||   130
         Tailslap          |     9 |    26 ||    35
         Punch             |     1 |     2 ||     3
         Short sword       |       |    96 ||    96
   Stab: Sleeping          |     1 |     1 ||     2
 Armour: Skin              |    44 |    64 ||   108
  Dodge: Dodged            |    53 |    60 ||   113

Table legend: (Time is in decaauts)
 A = Elapsed time spent in this place.
 B = Non-inter-level travel time spent in this place.
 C = Inter-level travel time spent in this place.
 D = Time resting spent in this place.
 E = Time spent auto-exploring this place.
 F = Levels seen in this place.
 G = Mean time per level.
                   A        B        C        D        E       F      G
               +--------+--------+--------+--------+--------+-----+--------+
         Total |   3704 |   3496 |    208 |      0 |   2896 |   5 |  740.8 |
       Dungeon |   3704 |   3496 |    208 |      0 |   2896 |   5 |  740.8 |
               +--------+--------+--------+--------+--------+-----+--------+

Top non-repeatable levels by time:
     D:4: 1198 daAuts
     D:2: 877 daAuts
     D:3: 823 daAuts
     D:1: 669 daAuts
     D:5: 135 daAuts
